 Dungeon Crawl Stone Soup version 0.31-a0-208-gdb31a4691d (webtiles) character file.

Game seed: 9669219029929203737

240 lunkers the Slasher (level 6, -9/47 HPs)
             Began as a Meteoran Wanderer on June 28, 2023.
             Was an Initiate of the Shining One.
             Mangled by an ogre
             ... wielding a +0 giant spiked club
              (22 damage)
             ... on level 5 of the Dungeon.
             The game lasted 00:03:04 (2087 turns).

lunkers the Slasher (Meteoran Wanderer)             Turns: 2087, Time: 00:03:05

Health: -9/47      AC:  5    Str: 15    XL:     6   Next: 56%
Magic:  7/7        EV: 11    Int: 11    God:    the Shining One [......]
Gold:   142        SH:  0    Dex: 17    Spells: 5/5 levels left

rFire   . . .        a - +0 long sword (elec)
rCold   . . .        (no shield)
rNeg    . . .        e - +0 leather armour
rPois   .            c - +1 helmet
rElec   .            (no cloak)
rCorr   .            (no gloves)
SInv    .            (no boots)
Will    .....        (no amulet)
Stlth   +            (no ring)
HPRegen 0.27/turn    (no ring)
MPRegen 0.10/turn

%: no passive effects
@: glowing
A: sense surroundings 1, otherworldly, glowing, explore regen
a: Renounce Religion


You were on level 5 of the Dungeon.
You worshipped the Shining One.
The Shining One was noncommittal.
You visited 1 branch of the dungeon, and saw 5 of its levels.

You collected 142 gold pieces.

Inventory:

Hand Weapons
 a - a +0 long sword of electrocution (weapon)
 b - a +0 mace
Armour
 c - a +1 helmet (worn)
 e - a +0 leather armour (worn)
Scrolls
 d - a scroll of fear
 f - a scroll of identify
 h - a scroll of silence
 j - a scroll of teleportation
 k - 3 scrolls of revelation
 l - a scroll of enchant weapon {unknown}
Potions
 g - a potion of attraction
 i - 3 potions of curing


   Skills:
 - Level 1.1 Fighting
 + Level 7.4 Long Blades
 - Level 2.6 Maces & Flails
 - Level 2.9 Stealth
 - Level 1.2 Invocations


You had 5 spell levels left.
You didn't know any spells.
Your spell library contained the following spells:

 Spells                   Type           Power      Damage    Failure   Level
 Hailstorm                Conj/Ice       0%         3d3       78%         3
 Ice Form                 Ice/Tmut       0%         N/A       99%         4
 Simulacrum               Ice/Necr       0%         N/A       100%        6


Dungeon Overview and Level Annotations

Branches:
Dungeon (5/15) Zot: 880
 Temple: D:4-7

Altars:
Cheibriados
Fedhas
Wu Jian
Xom
The Shining One


Innate Abilities, Weirdness & Mutations

You passively map a small area around you.
You are easily found by Zot.
You glow in the dark.
You regain HP and MP as you explore.


Message History

The phantom is almost destroyed.
The phantom barely misses you.
Unknown command.
You hit the phantom but do no damage. Lightning courses through the phantom!!
You destroy the phantom!
The Shining One accepts your kill.
Your Long Blades skill increases to level 7!
Unknown command.
(D) Dungeon
Where to? (Enter - D:4, ? - help)
What level of the Dungeon? (default 1, ? - help)
There is a stone staircase leading down here.
You climb downwards.
Found 17 gold pieces.
There is a stone staircase leading up here.
A jelly is nearby!
Okay, then.
A quokka comes into view.
Found 11 gold pieces.
An ogre and 2 gnolls come into view.
Found a robe, a scroll of teleportation and a scroll labelled GABUGR TAIB.
The jelly quivers.
An orc, a gnoll bouda and a gnoll come into view.
The orc shouts!
The gnoll bouda shouts!
The gnoll shouts!
The ogre closely misses you.
An orc comes into view.
It is wielding a +2 short sword of venom.
The gnoll shouts!
The orc shouts!
You slash the ogre! Lightning courses through the ogre!
The ogre is almost dead.
The jelly closely misses you.
An orc comes into view. It is wielding a +0 war axe.
The ogre attacks as you move away!
The ogre hits you with a +0 giant spiked club!!
Ouch! That really hurt!
* * * LOW HITPOINT WARNING * * *
The jelly barely misses you. The ogre attacks as you move away!
The ogre hits you with a +0 giant spiked club!!
You die...

* ***** ### , ,
, , ..# * #.#
#.######
#######.......
*
#...<.@J#######
*
#.#####Or......
, *, #[g$.....
, , * #?.$.....
* #....g... ,,
** **#ogg.....
, , , .o.?.....
, ,, ....o....
* , ,.........


You could see an ogre, a gnoll bouda, a jelly, 3 gnolls, 3 orcs and a quokka.

Vanquished Creatures
  A phantom (D:4)
  A jelly (D:4)
  A gnoll (D:1)
  5 adders
  2 ufetubi (D:4)
  2 worms (D:2)
  A dart slug (D:2)
  8 orcs (D:4)
  4 endoplasms
  4 giant cockroaches
  3 goblins (D:1)
  3 hobgoblins
  4 quokkas
  5 ball pythons
  2 bats
  5 frilled lizards
  5 kobolds
  5 rats
61 creatures vanquished.

Notes
Turn   | Place    | Note
-------+----------+-------------------------------------------
     0 | D:1      | lunkers the Meteoran Wanderer began the quest for the Orb.
     0 | D:1      | lunkers set off with the following items: a +0 long sword,
                  | a +0 mace, a +0 helmet, a scroll of fear, a +0 leather
                  | armour.
     0 | D:1      | Reached XP level 1. HP: 16/16 MP: 2/2
   180 | D:1      | Reached skill level 3 in Long Blades
   180 | D:1      | Reached XP level 2. HP: 12/23 MP: 3/3
   233 | D:1      | Reached XP level 3. HP: 20/28 MP: 4/4
   262 | D:1      | Reached skill level 4 in Long Blades
   413 | D:2      | Found a blossoming altar of Fedhas.
   556 | D:2      | Reached XP level 4. HP: 34/35 MP: 5/5
   894 | D:2      | Reached skill level 5 in Long Blades
   957 | D:3      | Found a faded altar of an unknown god.
  1040 | D:3      | Found an ornate altar of the Wu Jian Council.
  1224 | D:3      | Found a faded altar of an unknown god.
  1224 | D:3      | Found a snail-covered altar of Cheibriados.
  1231 | D:3      | Found a shimmering altar of Xom.
  1241 | D:3      | Found a faded altar of an unknown god.
  1242 | D:3      | Found a glowing golden altar of the Shining One.
  1266 | D:3      | Became a worshipper of the Shining One
  1406 | D:4      | Reached XP level 5. HP: 40/40 MP: 6/6
  1734 | D:4      | Reached skill level 6 in Long Blades
  1775 | D:4      | Reached XP level 6. HP: 30/47 MP: 7/7
  2054 | D:4      | Reached skill level 7 in Long Blades
  2081 | D:5      | Entered Level 5 of the Dungeon
  2083 | D:5      | Noticed an ogre
  2087 | D:5      | Mangled by an ogre

Illustrated notes

Levels and vault maps discovered:
D:1:      shiori_arrival_maze, layout_rooms
D:2:      layout_basic, basic_altar
D:3:      layout_loops_ring, chequers_temple_overflow_minitemple,
          pdpol_wu_jian_five_deadly_venoms, gammafunk_temple_overflow_forgotten,
          shapermc_ecumenical_altar_starsandcircs, uniq_robin
D:4:      layout_layer_cave, serial_shops, nicolae_shop_rolled_up,
          chequers_garden
D:5:      layout_rooms, kennysheep_generic_room_14

Skill      XL: |  1  2  3  4  5  6 |
---------------+-------------------+-----
Long Blades    | 3 4 5 6 7 |  7.4
Fighting       | |  1.1
Maces & Flails | |  2.6
Stealth        | |  2.9
Invocations    | |  1.2

Action                     |  1- 3 |  4- 6 || total
---------------------------+-------+-------++-------
  Melee: Long sword        |    61 |   156 ||   217
         Punch             |       |     1 ||     1
    Use: Scroll            |       |     9 ||     9
 Armour: Leather armour    |    25 |    49 ||    74
  Dodge: Dodged            |    25 |    91 ||   116

Table legend: (Time is in decaauts)
 A = Elapsed time spent in this place.
 B = Non-inter-level travel time spent in this place.
 C = Inter-level travel time spent in this place.
 D = Time resting spent in this place.
 E = Time spent auto-exploring this place.
 F = Levels seen in this place.
 G = Mean time per level.
                   A        B        C        D        E       F      G
               +--------+--------+--------+--------+--------+-----+--------+
         Total |   2119 |   1988 |    131 |      0 |   1433 |   5 |  423.8 |
       Dungeon |   2119 |   1988 |    131 |      0 |   1433 |   5 |  423.8 |
               +--------+--------+--------+--------+--------+-----+--------+

Top non-repeatable levels by time:
     D:4: 744 daAuts
     D:2: 589 daAuts
     D:3: 436 daAuts
     D:1: 342 daAuts
     D:5: 5 daAuts
